 Dungeon Crawl Stone Soup version 0.31-a0-214-gb37851dbb3 (webtiles) character file.

Game seed: 7556067662965152256

246 qw the Shooter (level 5, 0/45 HPs)
             Began as a Minotaur Hexslinger on July 1, 2023.
             Slain by Pargi (6 damage)
             ... in a sewer.
             The game lasted 00:01:13 (2579 turns).

qw the Shooter (Minotaur Hexslinger)                Turns: 2579, Time: 00:01:14

Health: 0/45       AC: 10    Str: 11 (12) XL:     5   Next: 84%
Magic:  5/5        EV: 15    Int:  9 (10) God:
Gold:   117        SH:  0    Dex: 14 (15) Spells: 5/6 levels left

rFire   + . .        Y - +1 sling
rCold   . . .        (no shield)
rNeg    . . .        a - +3 ring mail
rPois   .            (helmet restricted)
rElec   .            (no cloak)
rCorr   .            r - +0 pair of gloves
SInv    .            g - +0 pair of boots
Will    .....        (no amulet)
Stlth   +            p - ring of protection from fire
HPRegen 0.27/turn    h - +5 ring of evasion
MPRegen 0.09/turn

%: no passive effects
@: no status effects
A: horns 2, retaliatory headbutt
a: no special abilities


You were in a sewer.
You visited 1 branch of the dungeon, and saw 4 of its levels.
You also visited: Sewer.

You collected 117 gold pieces.


Innate Abilities, Weirdness & Mutations

You have a pair of horns on your head.
You reflexively headbutt those who attack you in melee.


   Skills:
 + Level 3.3 Fighting
 - Level 6.0 Ranged Weapons
 - Level 1.0 Armour
 - Level 2.1 Dodging
 - Level 1.0 Spellcasting
 - Level 2.0 Hexes


You had 5 spell levels left.
You knew the following spells:

 Your Spells              Type           Power      Damage    Failure   Level
a - Slow                  Hex            16%        N/A       36%         1

Your spell library contained the following spells:

 Spells                   Type           Power      Damage    Failure   Level
 Inner Flame              Hex/Fire       2%         N/A       86%         3
 Portal Projectile        Hex/Tloc       4%         N/A       86%         3
 Cause Fear               Hex            2%         N/A       98%         4

Inventory:

Hand Weapons
 Y - a +1 sling (weapon)
Armour
 a - a +3 ring mail (worn)
 g - a +0 pair of boots (worn)
 r - a +0 pair of gloves (worn)
Jewellery
 f - a ring of ice
 h - a +5 ring of evasion (right hand)
 p - a ring of protection from fire (left hand)
Scrolls
 c - a scroll of identify
Potions
 b - a potion of resistance
 d - a potion of haste
 e - a potion of curing
 i - a potion of enlightenment
 m - a potion of lignification {unknown}
 n - a potion of invisibility {unknown}
 t - a potion of heal wounds {unknown}

Dungeon Overview and Level Annotations

Branches:
Dungeon (4/15)              Sewer (1/1)
 Temple: D:4-7

Altars:

Annotations:
D:3 1 runed translucent door, qw's ghost, amateur MiHs Sewer Pargi


Message History

You shoot a sling bullet. The sling bullet barely misses Pargi.
Pargi snarls, "Go!
Away!"
Pargi closely misses you. Pargi misses you. Pargi barely misses you.
You shoot a sling bullet. The sling bullet barely misses Pargi.
Pargi looks very sad for a moment.
Pargi bites you but does no damage. Pargi closely misses you. x2
You shoot a sling bullet. The sling bullet hits Pargi.
Pargi is almost dead.
Pargi closely misses you. Pargi barely misses you. Pargi misses you.
You shoot a sling bullet. The sling bullet closely misses Pargi.
Pargi misses you. Pargi barely misses you. Pargi closely misses you.
You shoot a sling bullet. The sling bullet closely misses Pargi.
Pargi bites you but does no damage. Pargi misses you. x2
Pargi bites you but does no damage. Pargi barely misses you.
Pargi claws you but does no damage.
You shoot a sling bullet.
The sling bullet hits Pargi but does no damage.
Pargi is almost dead.
Pargi bites you but does no damage. Pargi claws you. Pargi closely misses you.
You shoot a sling bullet. The sling bullet hits Pargi.
Pargi is almost dead.
Pargi barely misses you. Pargi misses you. Pargi claws you but does no damage.
You shoot a sling bullet. The sling bullet closely misses Pargi.
Pargi barely misses you. Pargi misses you. Pargi claws you but does no damage.
Pargi closely misses you. You furiously retaliate!
You headbutt Pargi. Pargi misses you. Pargi claws you but does no damage.
You shoot a sling bullet. The sling bullet misses Pargi.
Pargi bites you. Pargi claws you but does no damage. Pargi claws you.
You shoot a sling bullet. The sling bullet hits Pargi.
Pargi is severely wounded.
Pargi bites you but does no damage. Pargi claws you but does no damage.
Pargi misses you.
You shoot a sling bullet.
The sling bullet hits Pargi but does no damage.
Pargi is severely wounded.
Pargi barely misses you. You furiously retaliate!
You headbutt Pargi. Pargi misses you. Pargi completely misses you.
You shoot a sling bullet. The sling bullet closely misses Pargi.
Pargi bites you.
You die...

~~~~~~~~~~~ #~~~~~~~~~
~~~~~~~~~. #~~~~~~~~
#~~~~~~.. ~~~~~~~~#
~~~~~~~T## #~~~~~~@#
#~~~~~~~###
#~~~~~~~~.~##
~~~~~~~~~~~~#
#~~~~~~~~~~~### ###
#~~~~~~~~~~~~~# ##.##
#~~~~~~~~~~~.~###\\.#
#~~~~~~~~~~~~~~#~~~~###
~~~~~~~~~~~~~~~~~~~~~#


You could see Pargi.

Vanquished Creatures
  A hound (D:3)
  Jessica (D:2)
  2 orc wizards (D:3)
  3 gnolls (D:3)
  5 adders
  4 worms
  A dart slug (D:1)
  3 orcs (D:3)
  4 ball pythons
  4 bats
  3 endoplasms
  3 giant cockroaches
  6 hobgoblins
  3 jackals (D:1)
  4 kobolds
  6 quokkas
  A frilled lizard (D:1)
  5 goblins
  6 rats
65 creatures vanquished.

Notes
Turn   | Place    | Note
-------+----------+-------------------------------------------
     0 | D:1      | qw the Minotaur Hexslinger began the quest for the Orb.
     0 | D:1      | Reached XP level 1. HP: 16/16 MP: 1/1
     0 | D:1      | 0 ||| qw: Version: 0.3-a-32-g5962c71
     0 | D:1      | 0 ||| qw: Game counter: 7631
     0 | D:1      | 0 ||| qw: Melee chars always use a shield: true
     0 | D:1      | 0 ||| qw: God list: Okawaru
     0 | D:1      | 0 ||| qw: Allow faded altars: false
     0 | D:1      | 0 ||| qw: Do Orc after clearing Dungeon:15 true
     0 | D:1      | 0 ||| qw: Do second Lair branch before Depths: true
     0 | D:1      | 0 ||| qw: Lair rune preference: random
     0 | D:1      | 0 ||| qw: Goals: Normal
     0 | D:1      | 0 ||| PLANNING D:1-11
    39 | D:1      | 39 ||| FLEEEEING.
    40 | D:1      | 40 ||| FLEEEEING.
    42 | D:1      | 42 ||| FLEEEEING.
    43 | D:1      | 43 ||| FLEEEEING.
    44 | D:1      | 44 ||| FLEEEEING.
    45 | D:1      | 45 ||| FLEEEEING.
    46 | D:1      | 46 ||| FLEEEEING.
    47 | D:1      | 47 ||| FLEEEEING.
    49 | D:1      | 49 ||| FLEEEEING.
    50 | D:1      | 50 ||| FLEEEEING.
    51 | D:1      | 51 ||| FLEEEEING.
    52 | D:1      | 52 ||| FLEEEEING.
    53 | D:1      | 53 ||| FLEEEEING.
    54 | D:1      | 54 ||| FLEEEEING.
    55 | D:1      | 55 ||| FLEEEEING.
   141 | D:1      | Reached skill level 3 in Ranged Weapons
   141 | D:1      | Reached XP level 2. HP: 23/23 MP: 2/2
   239 | D:1      | 239 ||| FLEEEEING.
   240 | D:1      | 240 ||| FLEEEEING.
   241 | D:1      | 241 ||| FLEEEEING.
   242 | D:1      | 242 ||| FLEEEEING.
   243 | D:1      | 243 ||| FLEEEEING.
   485 | D:1      | Reached XP level 3. HP: 28/29 MP: 3/3
   586 | D:1      | 586 ||| UPGRADING to +0 pair of boots.
   591 | D:1      | 591 ||| UPGRADING to +0 leather armour.
   601 | D:1      | 601 ||| DROPPING +0 robe.
   602 | D:1      | 602 ||| READING scroll labelled GAUZIAH INYO.
   603 | D:1      | 603 ||| READING scroll labelled YRIHIAC RIYPPOL.
   604 | D:1      | 604 ||| READING scroll labelled LOPHEEF KOZI.
   605 | D:1      | 605 ||| DROPPING scroll of poison.
   868 | D:2      | Found a faded altar of an unknown god.
   878 | D:2      | Noticed Jessica
   882 | D:2      | Killed Jessica
   883 | D:2      | Reached skill level 4 in Ranged Weapons
   883 | D:2      | Reached XP level 4. HP: 32/36 MP: 4/4
  1234 | D:2      | Reached skill level 5 in Ranged Weapons
  1337 | D:2      | 1337 ||| UPGRADING to +0 pair of gloves.
  1342 | D:2      | 1342 ||| UPGRADING to +0 ring mail.
  1352 | D:2      | 1352 ||| DROPPING +0 leather armour.
  1353 | D:2      | 1353 ||| DROPPING ring of magical power.
  1354 | D:2      | 1354 ||| UPGRADING to ring of protection from fire.
  1355 | D:2      | 1355 ||| READING scroll labelled ZOWNYN GIS.
  1356 | D:2      | 1356 ||| READING scroll labelled CUOVIT IKHUODGH.
  1357 | D:2      | 1357 ||| READING 2 scrolls labelled JELIOXZUSO.
  1362 | D:2      | 1362 ||| READING scroll labelled FEK BIVIEPES.
  1363 | D:2      | 1363 ||| DRINKING 3 sedimented orange potions.
  1364 | D:2      | 1364 ||| DRINKING 3 fizzy ruby potions.
  1365 | D:2      | 1365 ||| READING 2 scrolls of identify.
  1365 | D:2      | 1365 ||| IDENTIFYING murky red potion
  1366 | D:2      | 1366 ||| DROPPING 2 potions of degeneration.
  1457 | D:3      | Reached skill level 1 in Armour
  1583 | D:3      | Found a runed translucent door.
  1585 | D:3      | Noticed qw's ghost (amateur MiHs)
  1719 | D:3      | Reached skill level 3 in Fighting
  1719 | D:3      | Reached XP level 5. HP: 41/45 MP: 5/5
  1751 | D:3      | HP: 10/45 [something (2)]
  1752 | D:3      | 1752 ||| READING scroll of teleportation.
  2139 | D:3      | 2139 ||| DRINKING 3 potions of curing.
  2139 | D:3      | 2139 ||| (to cure confusion)
  2142 | D:3      | 2142 ||| DRINKING 2 potions of curing.
  2142 | D:3      | 2142 ||| (to cure confusion)
  2402 | D:3      | 2402 ||| UPGRADING to +3 ring mail.
  2412 | D:3      | 2412 ||| DROPPING +0 ring mail.
  2413 | D:3      | 2413 ||| UPGRADING to +5 ring of evasion.
  2414 | D:3      | 2414 ||| READING scroll labelled MERYPNOTUL.
  2415 | D:3      | 2415 ||| READING 3 scrolls of identify.
  2415 | D:3      | 2415 ||| IDENTIFYING fuming red potion
  2416 | D:3      | 2416 ||| READING 2 scrolls of identify.
  2416 | D:3      | 2416 ||| IDENTIFYING brown potion
  2459 | D:4      | 2459 ||| PLANNING SEWER
  2493 | D:4      | Found a glowing drain.
  2500 | D:4      | 2500 ||| DRINKING 2 glowing puce potions.
  2501 | D:4      | 2501 ||| DROPPING potion of brilliance.
  2514 | Sewer    | Entered a sewer
  2527 | Sewer    | Noticed Pargi
  2528 | Sewer    | 2528 ||| Stepping ~*~*~tactically~*~*~ (water).
  2538 | Sewer    | Reached skill level 6 in Ranged Weapons
  2564 | Sewer    | HP: 11/45 [Pargi (2)]
  2573 | Sewer    | HP: 11/45 [Pargi (3)]
  2576 | Sewer    | HP: 5/45 [Pargi (3)]
  2579 | Sewer    | Slain by Pargi

Levels and vault maps discovered:
D:1:      mainiacjoe_arrival_reflecting_pool, layout_rooms,
          roderic_nine_men_s_morris, dk_noncrumbling_4
D:2:      layout_loops_cross, ebering_ecumenical_altar_petrified,
          minmay_randomly_rotated_circles, uniq_jessica
D:3:      layout_loops_ring, ebering_ghost_reflecting_pool, kennysheep_boxes
D:4:      layout_basic, nemelex_altar_shiori, jmf_multi_god_temple,
          cheibrodos_sewer_entry_bend
Sewer:    sewer_co_pargi_island

Skill      XL: |  1  2  3  4  5 |
---------------+----------------+-----
Ranged Weapons | 3 4 5 6 |  6.0
Fighting       | 2 3 |  3.3
Armour         | 1 |  1.0
Dodging        | |  2.1
Spellcasting   | |  1.0
Hexes          | |  2.0

Action                     |  1- 3 |  4- 6 || total
---------------------------+-------+-------++-------
   Fire: Sling             |    86 |   185 ||   271
    Use: Scroll            |     3 |     9 ||    12
         Potion            |       |     5 ||     5
 Armour: Robe              |     4 |       ||     4
         Leather armour    |       |     7 ||     7
         Ring mail         |       |    94 ||    94
  Dodge: Dodged            |    21 |   156 ||   177

Table legend:
 A = Non-vault XP
 B = Vault XP
 C = Vault XP percentage of total XP
 D = Non-vault monster count
 E = Vault monster count
 F = Vault count percentage of total count
                 A         B        C        D         E       F
            +---------+---------+-------+---------+---------+-------
      Total |     266 |      86 |  24.4 |      56 |       9 |  13.8
            +---------+---------+-------+---------+---------+-------
        D:1 |      43 |       0 |   0.0 |      23 |       0 |   0.0
        D:2 |      27 |      68 |  71.6 |      13 |       7 |  35.0
        D:3 |     196 |       0 |   0.0 |      20 |       0 |   0.0
        D:4 |       0 |       5 | 100.0 |       0 |       1 | 100.0
      Sewer |       0 |      13 | 100.0 |       0 |       1 | 100.0
            +---------+---------+-------+---------+---------+-------
